 Dungeon Crawl Stone Soup version 0.21.1-1-g345015f (webtiles) character file.

3535 Lilu the Thaumaturge (level 9, -1/59 HPs)
             Began as a Deep Elf Conjurer on July 28, 2018.
             Was a Believer of Vehumet.
             Killed by divine providence
             ... invoked by an orc priest
              (8 damage)
             ... on level 8 of the Dungeon on July 29, 2018.
             The game lasted 00:41:20 (8032 turns).

Lilu the Thaumaturge (Deep Elf Conjurer)            Turns: 8032, Time: 00:41:20

Health: -1/59      AC: 11    Str:  7    XL:     9   Next: 82%
Magic:  4/25       EV: 15    Int: 27    God:    Vehumet [**....]
Gold:   288        SH:  0    Dex: 16    Spells: 15/28 levels left

rFire    . . .     SeeInvis .   s - +2 mace (protect)
rCold    . . .     Gourm    .   (no shield)
rNeg     . . .     Faith    +   I - +0 robe "Uluuh" {rElec} (curse)
rPois    .         Spirit   .   t - +1 helmet {Int+3}
rElec    +         Reflect  .   (no cloak)
rCorr    +         Harm     .   (no gloves)
MR       .....                  (no boots)
Stlth    ++........             o - amulet of faith
HPRegen  0.19/turn              G - ring of resist corrosion
MPRegen  0.19/turn              C - +3 ring of intelligence

@: protection aura
A: no striking features
a: Renounce Religion


You were on level 8 of the Dungeon.
You worshipped Vehumet.
Vehumet was pleased with you.
You were not hungry.

You visited 2 branches of the dungeon, and saw 9 of its levels.

You collected 288 gold pieces.

Inventory:

Hand Weapons
 p - a +0 dagger of draining
 r - a +4 short sword
 s - a +2 mace of protection (weapon)
Missiles
 y - 4 tomahawks (quivered)
 L - 84 arrows
Armour
 a - a +0 robe
 t - a +1 helmet of intelligence (worn)
 I - the cursed +0 robe "Uluuh" (worn) {rElec}
   (You found it on level 7 of the Dungeon)

   It insulates you from electricity.
   It has a curse placed upon it.
 N - a +0 buckler
Jewellery
 o - an amulet of faith (around neck)
 x - an uncursed ring of fire
 C - a +3 ring of intelligence (right hand)
 G - a ring of resist corrosion (left hand)
Wands
 i - a wand of disintegration (10)
 u - a wand of digging (10)
Scrolls
 d - 2 scrolls of remove curse
 e - 9 scrolls of identify
 k - a scroll of noise {unknown}
 n - 2 scrolls of enchant armour {unknown}
 q - 3 scrolls of fear {unknown}
 B - a scroll of blinking {unknown}
 D - a scroll of immolation {unknown}
 E - a scroll of magic mapping {unknown}
 H - 2 scrolls of teleportation {unknown}
 J - a scroll of random uselessness {unknown}
Potions
 f - 2 potions of haste {unknown}
 g - a potion of degeneration {unknown}
 h - a potion of magic
 j - a potion of might {unknown}
 m - 2 potions of lignification {unknown}
 v - a potion of invisibility {unknown}
 w - a potion of mutation {unknown}
 z - a potion of resistance {unknown}
 A - 4 potions of heal wounds {unknown}
 F - a potion of flight {unknown}
 K - 2 potions of cancellation {unknown}
 P - a potion of curing {unknown}
Books
 b - a book of Conjurations

   Spells                             Type                      Level
   a - Magic Dart                     Conjuration                  1
   b - Searing Ray                    Conjuration                  2
   c - Dazzling Spray                 Conjuration/Hexes            3
   d - Fulminant Prism                Conjuration/Hexes            4
   e - Force Lance                    Conjuration/Translocation    4
   f - Iskenderun's Mystic Blast      Conjuration                  4
 l - the Reference Book on Fiery Malediction
   (You found it on level 5 of the Dungeon)

   Spells                             Type                      Level
   a - Flame Tongue                   Conjuration/Fire             1
   b - Fulminant Prism                Conjuration/Hexes            4
   c - Cause Fear                     Hexes                        4
   d - Yara's Violent Unravelling     Hexes/Transmutation          5
 M - a book of Misfortune

   Spells                             Type                      Level
   a - Confusing Touch                Hexes                        1
   b - Confuse                        Hexes                        3
   c - Gell's Gravitas                Translocation                3
   d - Petrify                        Transmutation/Earth          4
   e - Metabolic Englaciation         Hexes/Ice                    5
   f - Yara's Violent Unravelling     Hexes/Transmutation          5
Comestibles
 c - 9 rations


   Skills:
 - Level 8.0 Fighting
 + Level 5.2 Dodging
 - Level 2.4 Stealth
 - Level 10.1 Spellcasting
 - Level 8.0 Conjurations


You had 15 spell levels left.
You knew the following spells:

 Your Spells              Type           Power        Failure   Level  Hunger
a - Magic Dart            Conj           ####         1%          1    None
b - Searing Ray           Conj           ######       1%          2    None
c - Iskenderun's Mystic   Conj           ######..     1%          4    None
d - Throw Frost           Conj/Ice       #####.       1%          2    None
e - Gell's Gravitas       Tloc           ##........   13%         3    None
f - Flame Tongue          Conj/Fire      #####        1%          1    None


Dungeon Overview and Level Annotations

Branches:
Dungeon (8/15)             Temple (1/1) D:5
   Lair: D:8-11

Altars:
Cheibriados
Dithmenos
Elyvilon
Fedhas
Gozag
Hepliaklqana
Makhleb
Nemelex Xobeh
Okawaru
Qazlal
Ru
Sif Muna
Trog
Uskayaw
Vehumet
Wu Jian
Xom
Yredelemnul
Zin
The Shining One

Shops:
D:8 *


Message History

Press: ? - help, Shift-Dir - straight line, f - bullfrog
Aim: a bullfrog (almost dead)
The searing ray hits the bullfrog.
You kill the bullfrog!
Vehumet accepts your kill.
Vehumet offers you knowledge of Conjure Flame.
Your Dodging skill increases to level 5! (Press . to maintain the ray.)
The orc closely misses you.
Unknown command.
An orc priest comes into view. It is wielding a short sword.
You see here a stone.
You hit the orc.
Your weapon exudes an aura of protection.
The orc is almost dead.
The orc closely misses you. The orc hits you but does no damage.
An orc comes into view.
The orc priest calls down the wrath of Beogh upon you.
Beogh smites you!
You die...

#.# # ##.## .#
###...##.#### ###
#..........[ ..#
.###......#.... ..#
......o......# #.#
#o#)#.#.# #.#
##...##.## #.#
#.#.#(@..######.##
#.#.o(.#.....#.((######
#.###.(..###..###)..)..
#.∩..##.####.## ##.####
#######.###.## ##.###
#.(...# #.... #####.##
##.### ##.## ##.##
##.###..#


You could see an orc priest and 2 orcs.

Vanquished Creatures
  The ghost of tyranidshit the Charlatan, a novice DsAK of Lugonu (D:3)
  A troll (D:7)
  A hippogriff (D:7)
  Sigmund (D:2)
  An ice beast (D:6)
  2 black bears (D:6)
  2 orc warriors
  3 ogres
  A phantom (D:6)
  A centaur (D:8)
  A big kobold (D:8)
  7 bullfrogs
  A scorpion (D:5)
  An oklob sapling (D:5)
  2 howler monkeys
  2 centaur zombies (D:5)
  3 crimson imps
  2 hounds
  A jelly (D:6)
  2 orc priests
  A bullfrog skeleton (D:4)
  4 orc wizards
  Jessica (D:3)
  3 iguanas
  Terence (D:2)
  10 worker ants
  Robin (D:3)
  A howler monkey zombie (D:6)
  4 gnolls (D:8)
  9 adders
  3 shadow imps
  3 oozes
  3 adder zombies
  5 adder skeletons
  A worm (D:2)
  3 dart slugs
  6 leopard geckos
  13 orcs
  5 bats
  2 giant cockroaches
  9 goblins
  16 hobgoblins
  13 jackals
  7 quokkas
  3 ball pythons
  4 frilled lizards
  6 kobolds
  A leopard gecko skeleton (D:5)
  8 rats
  A plant (D:5)
183 creatures vanquished.

Notes
Turn   | Place    | Note
-------+----------+-------------------------------------------
     0 | D:1      | Lilu the Deep Elf Conjurer began the quest for the Orb.
     0 | D:1      | Reached XP level 1. HP: 10/10 MP: 6/6
   192 | D:1      | Reached XP level 2. HP: 8/15 MP: 6/8
   399 | D:1      | Reached skill level 5 in Conjurations
   651 | D:1      | Learned a level 2 spell: Searing Ray
   830 | D:2      | Noticed Terence
   970 | D:2      | Reached XP level 3. HP: 15/19 MP: 1/9
  1119 | D:2      | Killed Terence
  1175 | D:2      | Reached XP level 4. HP: 7/24 MP: 5/10
  1618 | D:2      | Noticed Sigmund
  1657 | D:2      | Found a burning altar of Makhleb.
  1862 | D:3      | Noticed Jessica
  1864 | D:3      | Killed Jessica
  1870 | D:3      | Learned a level 4 spell: Iskenderun's Mystic Blast
  1943 | D:3      | Reached XP level 5. HP: 28/28 MP: 7/11
  2023 | D:3      | Noticed tyranidshit's ghost (novice DsAK)
  2304 | D:3      | Noticed an ogre
  2352 | D:3      | Killed an ogre
  2479 | D:3      | Noticed Robin
  2486 | D:3      | Killed Robin
  2486 | D:3      | Reached XP level 6. HP: 27/33 MP: 4/12
  2515 | D:3      | Killed tyranidshit's ghost
  2515 | D:3      | Reached XP level 7. HP: 31/41 MP: 4/13
  2761 | D:3      | Found a hazy altar of Hepliaklqana.
  3607 | D:4      | Reached skill level 5 in Fighting
  3769 | D:5      | Entered Level 5 of the Dungeon
  4098 | D:5      | Reached XP level 8. HP: 47/51 MP: 8/14
  4147 | D:5      | Found a staircase to the Ecumenical Temple.
  4214 | Temple   | Entered the Ecumenical Temple
  4301 | Temple   | Became a worshipper of Vehumet
  4331 | D:5      | Identified the Reference Book on Fiery Malediction
  4435 | D:5      | Found a deep blue altar of Sif Muna.
  4652 | D:5      | Found a white marble altar of Elyvilon.
  4850 | D:2      | Reached * piety under Vehumet
  4850 | D:2      | Offered knowledge of Freeze by Vehumet.
  4914 | D:2      | Killed Sigmund
  5595 | D:6      | Noticed a two-headed ogre
  5757 | D:6      | Reached XP level 9. HP: 47/59 MP: 5/16
  6005 | D:6      | Reached skill level 4 in Spellcasting
  6413 | D:6      | Reached skill level 5 in Spellcasting
  6770 | D:7      | Noticed a troll
  6776 | D:7      | Killed a troll
  6776 | D:7      | Reached skill level 6 in Spellcasting
  7153 | D:7      | Got a faintly humming robe
  7164 | D:7      | Identified the cursed +0 robe "Uluuh" {rElec} (You found it on level 7 of the Dungeon)
  7193 | D:7      | Reached ** piety under Vehumet
  7193 | D:7      | Offered knowledge of Throw Frost by Vehumet.
  7213 | D:7      | Reached skill level 7 in Spellcasting
  7315 | D:7      | Found a shadowy altar of Dithmenos.
  7503 | D:7      | Reached skill level 8 in Spellcasting
  7658 | D:8      | Reached skill level 9 in Spellcasting
  7869 | D:8      | Learned a level 2 spell: Throw Frost
  7873 | D:8      | Learned a level 3 spell: Gell's Gravitas
  7875 | D:8      | Learned a level 1 spell: Flame Tongue
  7961 | D:8      | Found Sugg's Assorted Antiques.
  8023 | D:8      | Reached skill level 10 in Spellcasting
  8027 | D:8      | Offered knowledge of Conjure Flame by Vehumet.
  8027 | D:8      | Reached skill level 5 in Dodging
  8032 | D:8      | Killed from afar by an orc priest

Skill      XL: |  1  2  3  4  5  6  7  8  9 |
---------------+----------------------------+-----
Conjurations   | 5 6 7 8 |  8.0
Fighting       | 3 5 8 |  8.0
Dodging        | 3 5 |  5.2
Spellcasting   | 10 | 10.1
Stealth        | |  2.4

Action                   |  1- 3 |  4- 6 |  7- 9 || total
-------------------------+-------+-------+-------++-------
Melee: Club              |    38 |    26 |       ||    64
       Dagger            |       |    21 |       ||    21
       Short sword       |       |    21 |    18 ||    39
       Mace              |       |       |   176 ||   176
 Cast: Magic Dart        |    42 |    36 |    72 ||   150
       Searing Ray       |     2 |     7 |    48 ||    57
       Iskenderun's Myst |       |       |    28 ||    28
Evoke: Wand              |       |     4 |       ||     4
  Use: Scroll            |       |     2 |       ||     2
       Potion            |       |       |     1 ||     1
 Stab: Sleeping          |       |     3 |     3 ||     6
  Eat: Chunk             |     1 |     4 |    12 ||    17
       Ration            |       |       |     3 ||     3
Armor: Robe              |     8 |    20 |    86 ||   114
Dodge: Dodged            |    37 |    64 |   203 ||   304
